General information
			
			
        
        - name: BNet
 
        - type: Ladder 1vs1/FFA
 
        - host: Battle.net
 
        - saver: PwnimusMaximus
 
        
map: TerenasStand 
        - players: 2
 
        - length: 25:39
 
        - speed: Fast
 - version: 1.22 W3XP
 - replay type:  Public
 
» download(101 KB)
Players
        team 1 (winner) 
              
              
PwnimusMaximus (
yellow | 110 APM | 2831 actions | 25:39)
              
 5 Death Knight 
 3 Death Coil
 2 Unholy Aura
 3 Lich 
 1 Frost Armor
 2 Frost Nova
 2 Dark Ranger 
 1 Silence
 1 Black Arrow
 
                » actions 
                
                | Assign group hotkey | 55 |  | 
| Basic commands | 77 |  | 
| Build / train | 81 |  | 
| Enter build submenu | 18 |  | 
| Enter hero's abilities submenu | 11 |  | 
| Give item / drop item | 1 |  | 
| Right click | 1326 |  | 
| Select / deselect | 459 |  | 
| Select group hotkey | 646 |  | 
| Use ability | 157 |  | 
                2831 total
 » units 
                
                | Acolyte | 7 |  | 
| Ghoul | 10 |  | 
| Crypt Fiend | 11 |  | 
| Obsidian Statue | 7 |  | 
| Frost Wyrm | 2 |  | 
                37 total
 » upgrades
                
                | Creature Attack | 2 |  | 
| Creature Carapace | 1 |  | 
| Burrow | 1 |  | 
| Destroyer Form | 1 |  | 
| Ghoul Frenzy | 1 |  | 
                6 total
 » buildings
                
                | Graveyard | 1 |  | 
| Crypt | 1 |  | 
| Altar of Darkness | 1 |  | 
| Ziggurat | 4 |  | 
| Tomb of Relics | 2 |  | 
| Halls of the Dead | 1 |  | 
| Nerubian Tower | 3 |  | 
| Black Citadel | 1 |  | 
| Slaughterhouse | 1 |  | 
| Sacrificial Pit | 1 |  | 
| Boneyard | 1 |  | 
                17 total
 » build order
                00:08 Graveyard
00:11 Crypt
00:43 Altar of Darkness
00:58 Ziggurat
01:25 Tomb of Relics
02:09 Ziggurat
04:09 Halls of the Dead
04:46 Ziggurat
04:48 Nerubian Tower
06:33 Black Citadel
07:39 Slaughterhouse
10:02 Sacrificial Pit
10:22 Ziggurat
11:28 Nerubian Tower
11:46 Nerubian Tower
17:15 Boneyard
19:20 Tomb of Relics
» items
                
                | Rod of Necromancy | 3 |  | 
| Dust of Appearance | 3 |  | 
| Potion of Healing | 4 |  | 
| Scroll of Town Portal | 3 |  | 
| Orb of Corruption | 1 |  | 
| Scroll of Healing | 1 |  | 
| Potion of Mana | 1 |  | 
| Potion of Lesser Invulnerability | 1 |  | 
                17 total
  
               team 2 (loser) 
              
              
ImSorry (
red | 131 APM | 3353 actions | 25:32)
              
 4 Blademaster 
 2 Wind Walk
 2 Critical Strike
 3 Shadow Hunter 
 1 Hex
 2 Healing Wave
 2 Dark Ranger 
 1 Silence
 1 Life Drain
 
                » actions 
                
                | Assign group hotkey | 85 |  | 
| Basic commands | 18 |  | 
| Build / train | 111 |  | 
| ESC pressed | 7 |  | 
| Enter build submenu | 14 |  | 
| Enter hero's abilities submenu | 10 |  | 
| Give item / drop item | 7 |  | 
| Right click | 1614 |  | 
| Select / deselect | 366 |  | 
| Select group hotkey | 924 |  | 
| Use ability | 197 |  | 
                3353 total
 » units 
                
                | Peon | 10 |  | 
| Grunt | 7 |  | 
| Raider | 11 |  | 
| Spirit Walker | 9 |  | 
| Troll Headhunter/Berserker | 8 |  | 
| Troll Batrider | 5 |  | 
                50 total
 » upgrades
                
                | Ensnare | 1 |  | 
| Spirit Walker Training | 1 |  | 
| Berserker Upgrade | 1 |  | 
| Ranged Weapons | 1 |  | 
                4 total
 » buildings
                
                | Altar of Storms | 1 |  | 
| Orc Burrow | 6 |  | 
| Barracks | 1 |  | 
| Voodoo Lounge | 2 |  | 
| Stronghold | 2 |  | 
| Beastiary | 1 |  | 
| Spirit Lodge | 1 |  | 
| Fortress | 2 |  | 
| War Mill | 1 |  | 
                17 total
 » build order
                00:04 Altar of Storms
00:07 Orc Burrow
00:40 Barracks
01:32 Orc Burrow
02:10 Voodoo Lounge
02:15 Voodoo Lounge
03:18 Stronghold
03:18 Stronghold
04:08 Orc Burrow
05:49 Beastiary
05:52 Spirit Lodge
06:40 Orc Burrow
06:42 Orc Burrow
09:39 Fortress
11:14 Orc Burrow
12:20 War Mill
» items
                
                | Dust of Appearance | 3 |  | 
| Staff of Teleportation | 2 |  | 
| Healing Salve | 10 |  | 
| Lesser Clarity Potion | 5 |  | 
| Boots of Speed | 2 |  | 
| Circlet of Nobility | 2 |  | 
| Scroll of Speed | 4 |  | 
| Potion of Lesser Invulnerability | 2 |  | 
| Scroll of Healing | 2 |  | 
                32 total
  
                Chat log
          (00:26 / All) PwnimusMaximus: gl hf my friend
(06:44 / All) PwnimusMaximus: lag..
(18:32 / All) ImSorry: hurensohn
(18:36 / All) ImSorry: herofocus gg
(18:39 / All) ImSorry: get skill
(18:40 / All) PwnimusMaximus: lol
(18:42 / All) PwnimusMaximus: says the orc
(18:49 / All) ImSorry: LOLLLLLLLLL
(18:51 / All) ImSorry: SAYS UD?
(18:53 / All) ImSorry: ROFL MAO 
(18:54 / All) ImSorry: FUCKER
(18:57 / All) ImSorry: GET SKILL
(18:58 / All) PwnimusMaximus: ok
(19:18 / All) ImSorry: You focus only hero and say TO ME NOOB?
(19:26 / All) PwnimusMaximus: dont think I did
(19:28 / All) ImSorry: poor..
(19:29 / All) PwnimusMaximus: stop flaming
(19:30 / All) PwnimusMaximus: manner up
(19:33 / All) ImSorry: stfu
(19:45 / All) PwnimusMaximus: ok
(24:50 / All) ImSorry: fucking maphacker
(24:53 / All) PwnimusMaximus: lol
(24:54 / All) PwnimusMaximus: shade
(25:04 / All) PwnimusMaximus: grow up dude
(25:05 / All) ImSorry: I KNOW BUT I KNOW TOO THAT YOU MAPHACK RETARD
(25:12 / All) ImSorry: UR SO POOR FUCKER
(25:14 / All) PwnimusMaximus: seriously
(25:17 / All) PwnimusMaximus: how old are you?
(25:31 / All) ImSorry: i up you @blacklist because maphack